 Dungeon Crawl Stone Soup version 0.32-a0-683-ge26c5dbc97 (webtiles) character file.

Game seed: 11219635790176767477

15099 Revguard the Slicer (level 11, -19/84 HPs)
             Began as a Demonspawn Gladiator on Mar 12, 2024.
             Was an Elder of Wu Jian.
             Demolished by a skeletal warrior
             ... wielding a +0 war axe
              (26 damage)
             ... on level 11 of the Dungeon.
             The game lasted 00:35:16 (8640 turns).

Revguard the Slicer (Demonspawn Gladiator)          Turns: 8640, Time: 00:35:16

Health: -19/84     AC: 12    Str: 15    XL:     11   Next: 97%
Magic:  19/19      EV: 16    Int: 11    God:    Wu Jian [****..]
Gold:   989        SH:  0    Dex: 18    Spells: 15/20 levels left

rFire   . . .        B - +5 falchion (freeze)
rCold   . . .        (no shield)
rNeg    . . .        D - +0 steam dragon scales
rPois   +            c - +0 helmet
rElec   .            F - +1 cloak
rCorr   .            i - +0 pair of gloves
SInv    .            k - +0 pair of boots
Will    .....        v - amulet of regeneration
Stlth   ++++         s - ring of poison resistance
HPRegen 1.14/turn    (no ring)
MPRegen 0.16/turn

%: no passive effects
@: exhausted
A: icemail 1, big brain 1, condensation shield, demonic touch 2
a: Renounce Religion, Wall Jump, Serpent's Lash


You were on level 11 of the Dungeon.
You worshipped Wu Jian.
Wu Jian was greatly pleased with you.
You visited 2 branches of the dungeon, and saw 12 of its levels.

You collected 989 gold pieces.

Inventory:

Hand Weapons
 a - a +0 dagger of electrocution
 m - a +2 rapier of flaming
 B - a +5 falchion of freezing (weapon)
Missiles
 d - 5 throwing nets (quivered)
 e - a javelin
Armour
 b - a +0 leather armour
 c - a +0 helmet (worn)
 i - a +0 pair of gloves (worn)
 k - a +0 pair of boots (worn)
 D - +0 steam dragon scales (worn)
 F - a +1 cloak (worn)
Jewellery
 s - a ring of poison resistance (left hand)
 v - an amulet of regeneration (around neck)
 z - an amulet of reflection
 H - an amulet of the acrobat
Wands
 o - a wand of polymorph (7)
 t - a wand of charming (14)
 A - a wand of digging (8)
 J - a wand of flame (10)
Scrolls
 g - 3 scrolls of teleportation
 h - a scroll of enchant armour
 j - 4 scrolls of noise
 n - a scroll of fear {unknown}
 p - a scroll of immolation {unknown}
 q - a scroll of vulnerability
 r - 2 scrolls of identify
 u - a scroll of amnesia
 y - 3 scrolls of revelation
 E - a scroll of torment {unknown}
Potions
 f - a potion of berserk rage
 l - 3 potions of resistance
 w - a potion of might
 x - 3 potions of enlightenment
 G - a potion of heal wounds {unknown}
 I - a potion of brilliance {unknown}


   Skills:
 + Level 7.1 Fighting
 * Level 8.1 Short Blades
 - Level 1.7 Throwing
 + Level 5.9 Armour
 + Level 6.6 Dodging
 + Level 8.1 Stealth
 + Level 5.4 Spellcasting
 + Level 6.0 Hexes
 + Level 6.5 Evocations


You had 15 spell levels left.
You knew the following spells:

 Your Spells              Type           Power      Damage    Failure   Level
a - Silence               Hex/Air        4%         N/A       86%         5

Your spell library contained the following spells:

 Spells                   Type           Power      Damage    Failure   Level
 Foxfire                  Conj/Fire      8%         2x1d4     21%         1
 Static Discharge         Conj/Air       4%         3-4/arc   30%         2
 Fugue of the Fallen      Necr           2%         N/A       52%         3
 Ozocubu's Armour         Ice            2%         N/A       52%         3
 Airstrike                Air            1%         2d(1-17)  90%         4
 Manifold Assault         Tloc           2%         N/A       90%         4
 Passage of Golubria      Tloc           2%         N/A       90%         4
 Summon Lightning Spire   Summ/Air       2%         N/A       90%         4
 Plasma Beam              Fire/Air       1%         2x1d11    100%        6
 Starburst                Conj/Fire      1%         6d3       100%        6
 Lehudib's Crystal Spear  Conj/Erth      1%         10d2      100%        8


Dungeon Overview and Level Annotations

Branches:
Dungeon (11/15)            Temple (1/1) D:6            Lair (0/5) D:10
    Orc (0/2) D:10

Altars:
Ashenzari
Cheibriados
Dithmenos
Fedhas
Gozag
Hepliaklqana
Kikubaaqudgha
Makhleb
Nemelex Xobeh
Okawaru
Qazlal
Ru
Sif Muna
Trog
Uskayaw
Vehumet
Wu Jian
Xom
Yredelemnul

Shops:
D:1 [


Innate Abilities, Weirdness & Mutations

A meltable icy envelope protects you from harm. (AC +0)
You have an unusually large brain. (Int +2)
A meltable shield of frost defends you. (SH +0)
Your touch may inflict irresistible damage on your foes.


Message History

The skeletal warrior completely misses you.
The skeletal warrior hits you with a +3 glaive of flaming.
The skeletal warrior burns you.
You spin and attack the skeletal warrior.
You barely miss the skeletal warrior.
The skeletal warrior is moderately damaged.
You spin and attack the skeletal warrior repeatedly.
You hit the skeletal warrior but do no damage.
The skeletal warrior is heavily damaged.
You hit the skeletal warrior but do no damage.
You touch the skeletal warrior!
The skeletal warrior is heavily damaged.
The skeletal warrior hits you with a +0 war axe!
The skeletal warrior hits you with a +3 glaive of flaming!
The skeletal warrior burns you.
Okay, then.
You spin and attack the skeletal warrior.
You closely miss the skeletal warrior.
The skeletal warrior is moderately damaged.
You spin and attack the skeletal warrior.
You hit the skeletal warrior but do no damage.
The skeletal warrior is heavily damaged.
The skeletal warrior closely misses you.
The skeletal warrior misses you.
Your +2 rapier of flaming stops flaming.
Your +5 falchion of freezing glows with a cold blue light!
B - a +5 falchion of freezing (weapon)
The skeletal warrior hits you with a +0 war axe!
You spin and attack the skeletal warrior.
You closely miss the skeletal warrior.
The skeletal warrior is moderately damaged.
You spin and attack the skeletal warrior.
You hit the skeletal warrior.
The skeletal warrior is heavily damaged.
The skeletal warrior hits you with a +3 glaive of flaming!!
* * * LOW HITPOINT WARNING * * *
The skeletal warrior burns you!
* * * LOW HITPOINT WARNING * * *
The skeletal warrior hits you with a +0 war axe!!
You die...

...##........#...#........#..#
#.
#..###..)....#...####..#####.#
#. ##.?..>.....##.....#..## #.#
#.
#..........#....#.....#####.###.
#.............##.............###
#.............##.....#........#.
#.........#.......##....##.....#
#.........#..<...##.....##......
#..#.........##@z###....[##.....
#...........z#..z......#...#....
##....#.#....#..##.......
#.......#..###.####......
#..#.........##### ##..... #
###........# #...... ##......##
#.....# #.....## ###..## ###..##
##.##


You could see 2 skeletal warriors.

Vanquished Creatures
  Snorg (D:11)
  A two-headed ogre (D:11)
  2 skeletal warriors
  The ghost of ouz the Carver, a novice CoWr of Cheibriados (D:7)
  A deep elf pyromancer (D:7)
  A moth of wrath (D:7)
  Maurice (D:8)
  A rime drake (D:10)
  A komodo dragon (D:11)
  2 unseen horrors (D:11)
  A polar bear (D:10)
  2 hornets
  A shadow (D:11)
  A wraith (D:11)
  4 wyverns
  13 yaks
  A steam dragon (D:7)
  4 vampire mosquitoes
  Menkaure (D:6)
  A water moccasin (D:7)
  An acid dragon (D:10)
  5 orc warriors
  A sky beast (D:4)
  6 ice beasts
  An ogre (D:7)
  4 black bears
  5 wolves (D:10)
  A phantom (D:4)
  10 centaurs
  3 kobold brigands
  A gnoll sergeant (D:8)
  3 bullfrogs
  2 scorpions
  7 wights
  19 killer bees
  A howler monkey (D:6)
  2 hounds
  2 orc priests
  Ijyb (D:3)
  2 gnoll boudas
  4 jellies
  4 iguanas
  3 orc wizards
  17 gnolls
  8 adders
  4 white imps
  2 ufetubi (D:5)
  2 ribbon worms
  21 orcs
  5 endoplasms
  4 giant cockroaches
  7 hobgoblins
  4 jackals (D:4)
  2 quokkas
  8 ball pythons
  A bat (D:3)
  3 frilled lizards
  5 goblins
  14 kobolds
  A rat (D:3)
237 creatures vanquished.

Vanquished Creatures (others)
  An unseen horror (D:11)
  Sigmund (D:4)
2 creatures vanquished.

Grand Total: 239 creatures vanquished

Notes
Turn   | Place    | Note
-------+----------+-------------------------------------------
     0 | D:1      | Revguard the Demonspawn Gladiator began the quest for the
                  | Orb.
     0 | D:1      | Reached XP level 1. HP: 16/16 MP: 1/1
    59 | D:1      | Found Gaffyre's Antique Armour Boutique.
   152 | D:1      | Found a faded altar of an unknown god.
   300 | D:1      | Gained mutation: Your touch may inflict minor irresistible
                  | damage on your foes. [demonic ancestry]
   300 | D:1      | Reached XP level 2. HP: 19/22 MP: 2/2
   705 | D:2      | Reached skill level 1 in Stealth
   828 | D:2      | You fall into a shaft and drop 1 floor!
   876 | D:2      | Identified the +0 leather armour of Kuzaar {+Blink rN++
                  | Str-4}
   964 | D:2      | Gained mutation: A meltable shield of frost defends you.
                  | (SH +0) [demonic ancestry]
   964 | D:2      | Reached XP level 3. HP: 27/27 MP: 3/3
  1346 | D:3      | Reached skill level 1 in Evocations
  1473 | D:3      | Found a snail-covered altar of Cheibriados.
  1496 | D:3      | Reached skill level 1 in Armour
  1496 | D:3      | Reached XP level 4. HP: 34/34 MP: 4/4
  1512 | D:3      | Noticed Ijyb
  1520 | D:3      | Killed Ijyb
  1710 | D:3      | Noticed a scorpion
  1716 | D:3      | Killed a scorpion
  1717 | D:3      | Reached XP level 5. HP: 40/40 MP: 5/5
  1749 | D:3      | Found a basalt altar of Yredelemnul.
  1797 | D:3      | Identified the +0 dagger of Defence by Offence {freeze,
                  | rElec rC- rCorr Stlth+}
  2176 | D:4      | Noticed a black bear
  2458 | D:4      | Noticed a phantom
  2467 | D:4      | Killed a phantom
  2468 | D:4      | Gained mutation: You have an unusually large brain. (Int
                  | +2) [demonic ancestry]
  2468 | D:4      | Reached XP level 6. HP: 40/47 MP: 6/6
  2523 | D:4      | Noticed a sky beast
  2540 | D:4      | Killed a sky beast
  2722 | D:4      | Noticed Sigmund
  2724 | D:4      | Reached skill level 1 in Hexes
  2724 | D:4      | Gained mutation: A meltable icy envelope protects you from
                  | harm. (AC +0) [demonic ancestry]
  2724 | D:4      | Reached XP level 7. HP: 52/52 MP: 6/8
  2737 | D:4      | Reached skill level 1 in Spellcasting
  2750 | D:4      | Killed Sigmund
  2859 | D:4      | Found an opulent altar of Gozag.
  3056 | D:5      | Entered Level 5 of the Dungeon
  3261 | D:5      | Gained mutation: Your touch may inflict irresistible damage
                  | on your foes. [demonic ancestry]
  3261 | D:5      | Reached XP level 8. HP: 46/60 MP: 10/10
  3499 | D:5      | Found an ornate altar of the Wu Jian Council.
  3505 | D:5      | Became a worshipper of the Wu Jian Council
  4532 | D:6      | Found a staircase to the Ecumenical Temple.
  4533 | D:6      | Noticed Menkaure
  4539 | D:6      | Killed Menkaure
  4543 | D:6      | Reached skill level 5 in Stealth
  4562 | Temple   | Entered the Ecumenical Temple
  4809 | D:7      | Noticed a deep elf pyromancer
  4810 | D:7      | Found a blossoming altar of Fedhas.
  4812 | D:7      | Killed a deep elf pyromancer
  4813 | D:7      | Reached XP level 9. HP: 66/66 MP: 12/12
  4965 | D:7      | Reached * piety under Wu Jian
  4994 | D:7      | Found a snail-covered altar of Cheibriados.
  5111 | D:7      | Found a transporter.
  5114 | D:7      | Found a transporter.
  5116 | D:7      | Noticed a moth of wrath
  5120 | D:7      | Found a bloodstained altar of Trog.
  5130 | D:7      | Noticed ouz's ghost (novice CoWr)
  5226 | D:7      | Reached skill level 5 in Fighting
  5360 | D:8      | Reached skill level 5 in Short Blades
  5394 | D:8      | Reached skill level 5 in Dodging
  5603 | D:8      | Noticed Maurice
  5607 | D:8      | Killed Maurice
  5608 | D:8      | Reached XP level 10. HP: 74/74 MP: 15/15
  5922 | D:7      | Killed a moth of wrath
  5938 | D:7      | Killed ouz's ghost
  5962 | D:7      | Reached ** piety under Wu Jian
  6074 | D:9      | Reached skill level 5 in Evocations
  6157 | D:9      | Found a broken altar of Ashenzari.
  6462 | D:9      | Found a shimmering altar of Xom.
  6555 | D:9      | Reached skill level 5 in Armour
  6708 | D:9      | Learned a level 5 spell: Silence
  6761 | D:10     | Entered Level 10 of the Dungeon
  6802 | D:10     | Reached skill level 5 in Hexes
  6812 | D:10     | Reached XP level 11. HP: 57/81 MP: 17/17
  6819 | D:10     | Reached *** piety under Wu Jian
  7187 | D:10     | Found an ancient bone altar of Kikubaaqudgha.
  7260 | D:10     | Found a staircase to the Orcish Mines.
  7322 | D:10     | Found a staircase to the Lair.
  7694 | D:11     | Noticed a two-headed ogre
  7702 | D:11     | Killed a two-headed ogre
  7703 | D:11     | Reached skill level 5 in Spellcasting
  7862 | D:11     | Reached **** piety under Wu Jian
  7963 | D:11     | Noticed Snorg
  7971 | D:11     | Noticed a skeletal warrior
  7971 | D:11     | Killed Snorg
  7991 | D:11     | Killed a skeletal warrior
  7997 | D:11     | Noticed a skeletal warrior
  8006 | D:11     | Noticed a skeletal warrior
  8006 | D:11     | Noticed a skeletal warrior
  8538 | D:10     | Killed a skeletal warrior
  8640 | D:11     | Demolished by a skeletal warrior

Illustrated notes

Levels and vault maps discovered:
D:1:      dpeg_arrival_solitude, layout_loops_ring, serial_shops, shop,
          ebering_ecumenical_altar_mist, bh_walls_and_bars
D:2:      layout_basic
D:3:      layout_loops_ring, kennysheep_ying_yang, mainiacjoe_overflow_24_doors,
          minmay_fractal_squares_diagonal_5, uniq_ijyb
D:4:      layout_rooms, grunt_gozag_statues, uniq_sigmund
D:5:      layout_basic, nzn_wu_jian_council_hall, kennysheep_cross_bottleneck
D:6:      layout_basic, minmay_temple_entry_glass, chequers_avenue,
          uniq_menkaure
D:7:      layout_cave_pools, gammafunk_ghost_wrathful_warriors,
          hangedman_feature_mirror, dreamdust_princess_bridge,
          corexii_item_surrounded_by_moat
D:8:      lemuel_ice_spiral_2, layout_basic, uniq_maurice
D:9:      layout_loops_ring, xom_teletrap_fun, mainiacjoe_overflow_tiny_flanked
D:10:     layout_loops_ring, general_overflow_altar,
          mainiacjoe_overflow_boulevard, hellmonk_lair_entry_icy, orc_0_dummy
D:11:     layout_cave_pools, uniq_snorg
Temple:   nicolae_temple_bog_church

Skill      XL: |  1  2  3  4  5  6  7  8  9 10 11 |
---------------+----------------------------------+-----
Stealth        | 1 2 3 4 5 6 7 8 |  8.1
Evocations     | 1 2 3 4 5 6 |  6.5
Short Blades   | 3 4 5 6 8 |  8.1
Dodging        | 3 4 5 6 |  6.6
Armour         | 1 2 3 4 5 |  5.9
Fighting       | 3 4 5 6 7 |  7.1
Hexes          | 1 3 4 5 6 |  6.0
Spellcasting   | 1 2 3 4 5 |  5.4
Throwing       | |  1.7

Action                     |  1- 3 |  4- 6 |  7- 9 | 10-12 || total
---------------------------+-------+-------+-------+-------++-------
  Melee: Rapier            |    71 |   101 |   150 |   322 ||   644
         Touch             |     5 |    19 |    54 |    79 ||   157
         Dagger            |       |     2 |    28 |       ||    30
         Short sword       |       |       |    55 |    32 ||    87
         Falchion          |       |       |    33 |    19 ||    52
  Throw: Throwing net      |       |       |     6 |       ||     6
 Invoke: Serpent's Lash    |       |       |       |     2 ||     2
Ability: Lunge             |       |       |    29 |    38 ||    67
         Whirlwind         |       |       |     9 |    86 ||    95
         Wall Jump         |       |       |       |    14 ||    14
  Evoke: Wand              |       |       |     8 |    34 ||    42
    Use: Potion            |       |     1 |       |     4 ||     5
         Scroll            |       |       |    12 |     9 ||    21
   Stab: Sleeping          |     2 |     4 |    10 |    12 ||    28
         Held in net/web   |       |       |     2 |       ||     2
         Invisible         |       |       |       |     5 ||     5
         Distracted        |       |       |       |     1 ||     1
 Armour: Leather armour    |    45 |    63 |   148 |       ||   256
         Steam dragon scal |       |       |    41 |   339 ||   380
  Dodge: Dodged            |    43 |    71 |   146 |   263 ||   523
  Block: Other             |     2 |    11 |    37 |    53 ||   103

Table legend: (Time is in decaauts)
 A = Elapsed time spent in this place.
 B = Non-inter-level travel time spent in this place.
 C = Inter-level travel time spent in this place.
 D = Time resting spent in this place.
 E = Time spent auto-exploring this place.
 F = Levels seen in this place.
 G = Mean time per level.
                   A        B        C        D        E       F      G
               +--------+--------+--------+--------+--------+-----+--------+
         Total |   8633 |   8135 |    498 |    388 |   5623 |  12 |  719.4 |
       Dungeon |   8602 |   8104 |    498 |    358 |   5623 |  11 |  782.0 |
        Temple |     31 |     31 |      0 |     30 |      0 |   1 |   31.0 |
               +--------+--------+--------+--------+--------+-----+--------+

Top non-repeatable levels by time:
     D:3: 1076 daAuts
    D:11: 975 daAuts
    D:10: 904 daAuts
     D:5: 853 daAuts
     D:4: 831 daAuts
     D:6: 765 daAuts
     D:7: 704 daAuts
     D:9: 697 daAuts
     D:1: 615 daAuts
     D:2: 608 daAuts
     D:8: 568 daAuts
  Temple: 31 daAuts
